AoeStats
← aEdward

Arabia

506157717Analyzed
1v1 RM · 20d ago on Sep 12, 2026· 64m 20s· 2 players
Game mode
Random Map
Map size
Tiny (2 player)
Population
200
Speed
Normal
Resources
Standard
Victory
Conquest
Starting age
Dark Age
Ending age
Imperial Age
RankedLock teamsTeams togetherTeam positionsShared explorationLock speedFull tech treeHidden civsTurbo modeCheats
Victory
Defeat
🇩🇰 Poles · Denmark
656
+17
🇩🇪 Vietnamese · Germany
670
-34
BadgerBuccaneer
0:45 Loom
10:16 Feudal Age
10:37 Horse Collar
10:44 Double-Bit Axe
16:49 Bloodlines
17:38 Town Watch
18:55 Forging
26:39 Scale Barding Armor
29:24 Castle Age
27:50 Fletching
28:01 Padded Archer Armor
31:22 Iron Casting
34:43 Wheelbarrow
35:17 Fervor
35:47 Gold Mining
35:49 Stone Mining
36:41 Ballistics
36:03 Treadmill Crane
36:39 Husbandry
36:00 Light Cavalry
37:24 Leather Archer Armor
37:18 Thumb Ring
37:22 Murder Holes
37:10 Elite Skirmisher
38:24 Bodkin Arrow
43:09 Imperial Age
43:03 Chain Barding Armor
43:59 Stone Shaft Mining
43:51 Hand Cart
43:37 Town Patrol
45:02 Bracer
46:03 Blast Furnace
46:24 Heavy Plow
46:44 Bow Saw
46:51 Winged Hussar
47:54 Conscription
49:11 Lechitic Legacy
49:39 Crop Rotation
50:47 Hoardings
53:32 Chemistry
52:38 Siege Engineers
53:44 Onager
63:42 Spies/Treason
aEdward
12:42 Feudal Age
10:58 Loom
13:10 Double-Bit Axe
13:43 Gold Mining
15:30 Fletching
18:44 Bloodlines
25:25 Castle Age
26:10 Scale Mail Armor
26:20 Scale Barding Armor
25:56 Crossbowman
28:10 Chain Barding Armor
27:37 Horse Collar
32:17 Pikeman
34:02 Bow Saw
35:00 Squires
36:25 Heavy Plow
42:44 Imperial Age
40:32 Thumb Ring
44:01 Scale Mail Armor
43:58 Bodkin Arrow
48:09 Block Printing
48:36 Crop Rotation
49:10 Two-Man Saw
49:18 Chain Mail Armor
50:36 Heated Shot
50:33 Arbalester
54:17 Ballistics
54:58 Chemistry
53:56 Arrowslits
54:10 Stone Mining
65:01 Bombard Tower
Connection lost

Rejoining the realm…

Still unreachable

The connection could not be restored.

Session expired

The server has moved on; the page needs a fresh start.